 Dungeon Crawl Stone Soup version 0.27.0-65-ge2af304b15 (webtiles) character file.

Game seed: 16535420132871633716

0 Spectrina the Sneak (level 1, -10/13 HPs)
             Began as a Vampire Delver on Aug 19, 2021.
             Mangled by an ogre (23 damage)
             ... on level 4 of the Dungeon.
             The game lasted 00:00:54 (26 turns).

Spectrina the Sneak (Vampire Delver)                  Turns: 26, Time: 00:00:56

Health: -10/13     AC:  3    Str: 11    XL:     1   Next: 0%
Magic:  1/1        EV: 12    Int: 12    God:
Gold:   0          SH:  0    Dex: 15    Spells: 0/0 levels left

rFire    . . .     SeeInvis +   a - +0 short sword
rCold    + + .     Faith    .   (no shield)
rNeg     + + +     Spirit   .   b - +0 leather armour
rPois    ∞         Reflect  .   (no helmet)
rElec    .         Harm     .   (no cloak)
rCorr    .         Rampage  .   (no gloves)
Will     .....                  (no boots)
Stlth    +++++.....             (no amulet)
HPRegen  0.00/turn              (no ring)
MPRegen  0.07/turn              (no ring)

@: bloodless, inhibited regen
A: bloodless, fangs 3, see invisible, vampiric 1
a: Revivify


You were on level 4 of the Dungeon.
You visited 1 branch of the dungeon, and saw 2 of its levels.

Inventory:

Hand Weapons
 a - a +0 short sword (weapon)
Armour
 b - a +0 leather armour (worn)
Wands
 g - a wand of digging (3)
Scrolls
 c - a scroll of fog
 d - a scroll of magic mapping
 e - a scroll of fear
Potions
 f - a potion of haste


   Skills:
 - Level 2.6 Fighting
 - Level 2.1 Short Blades
 - Level 2.1 Dodging
 + Level 7.2 Stealth


You couldn't memorise any spells.
You didn't know any spells.
Your spell library was empty.

Dungeon Overview and Level Annotations

Branches:
Dungeon (5/15)
 Temple: D:4-7

Altars:


Innate Abilities, Weirdness & Mutations

You do not regenerate when monsters are visible.
You are frail without blood (-20% HP).
You can heal yourself when you bite living creatures.
You are immune to poison.
You have razor-sharp teeth.
You have supernaturally acute eyesight. (SInv)
You are afflicted with vampirism.


Message History

Will you be the one to retrieve the awesome Orb of Zot from the depths?
Press ? for a list of commands and other information.
Found a stone staircase leading down and a stone staircase leading up.
Adjust (i)tems, (s)pells, or (a)bilities?
Okay, then.
Unknown command.
Adjust (i)tems, (s)pells, or (a)bilities?
Okay, then.
Adjust (i)tems, (s)pells, or (a)bilities?
Adjust which ability? f - Exsanguinate Adjust to which letter? p - Exsanguinate You begin bloodletting.
You continue bloodletting. x5
You become bloodless.
Unknown command.
Adjust (i)tems, (s)pells, or (a)bilities?
Adjust which ability? f - Revivify Adjust to which letter? i - Revivify You are a level 1 Vampire Delver.
You are 0% of the way to level 2.
Play time: 00:00:15 (6 turns).
Zot will find you in 5994 turns if you stay in this branch and explore no new floors.
There is a stone staircase leading up here.
You climb upwards.
There is a stone staircase leading down here.
You open the door.
There is an open door here.
A kobold comes into view. It is wielding a +0 short sword.
An ogre comes into view. It is wielding a +0 giant spiked club.
A ball python comes into view.
Found 15 gold pieces.
The helpless ogre fails to defend itself.
You bite the ogre, and draw its blood! You impale the ogre!!
The ogre is severely wounded.
The ball python hisses angrily.
The ogre hits you with a +0 giant spiked club!!
Ouch! That really hurt!
You die...

###########
#..........
#####..@O..S$..
...#..........
######.#..........
#.................
#.####.#..........
#.####.#..........
####'#...............
#..........####.#####
#..........# .#


You could see an ogre and a ball python.

Vanquished Creatures (others)
  4 fungi (D:4)
  A plant (D:4)
5 creatures vanquished.

Notes
Turn   | Place    | Note
-------+----------+-------------------------------------------
     0 | D:5      | Spectrina the Vampire Delver began the quest for the Orb.
     0 | D:5      | Reached XP level 1. HP: 17/17 MP: 1/1
    21 | D:4      | Noticed an ogre
    26 | D:4      | Mangled by an ogre

Illustrated notes

Levels and vault maps discovered:
D:4:      old_forge, layout_basic, uniq_pikel
D:5:      layout_rooms, minitemple, serial_shops, nicolae_shop_stone

Action                   || total
-------------------------++-------
Melee: Short sword       ||     1
 Abil: Exsanguinate      ||     1
 Stab: Sleeping          ||     1
